 Dungeon Crawl Stone Soup version 0.31-a0-152-g6aa68a64a1 (webtiles) character file.

Game seed: 5989439639801655707

59 qw the Shooter (level 4, -7/28 HPs)
             Began as a Gargoyle Hunter on June 10, 2023.
             Was an Initiate of Okawaru.
             Killed from afar by an orc wizard (8 damage)
             ... with a magic dart
             ... on level 4 of the Dungeon.
             The game lasted 00:00:38 (2535 turns).

qw the Shooter (Gargoyle Hunter)                    Turns: 2535, Time: 00:00:39

Health: -7/28      AC:  7    Str: 15    XL:     4   Next: 3%
Magic:  4/4        EV: 11    Int:  9    God:    Okawaru [......]
Gold:   139        SH:  0    Dex: 15    Spells: 3/3 levels left

rFire   . . .        Y - +0 shortbow
rCold   . . .        (shield currently unavailable)
rNeg    + . .        c - +0 leather armour
rPois   inf          (no helmet)
rElec   +            (no cloak)
rCorr   .            (no gloves)
SInv    .            h - +0 pair of boots
Will    .....        (no amulet)
Stlth   ++           (no ring)
HPRegen 0.24/turn    (no ring)
MPRegen 0.09/turn

%: no passive effects
@: no status effects
A: sickness immunity, AC +3, negative energy resistance 1, electricity
resistance, torment resistance 1, petrification resistance
a: Renounce Religion


You were on level 4 of the Dungeon.
You worshipped Okawaru.
Okawaru was noncommittal.
You visited 2 branches of the dungeon, and saw 5 of its levels.

You collected 139 gold pieces.


Innate Abilities, Weirdness & Mutations

You are immune to sickness and miasma.
Your stone body is resilient. (AC +3)
You are immune to poison.
You resist negative energy. (rN+)
You are resistant to electric shocks. (rElec)
You are resistant to unholy torment.
You are immune to petrification.


   Skills:
 - Level 3.0 Fighting
 + Level 5.1 Ranged Weapons
 - Level 1.5 Dodging
 - Level 1.1 Stealth


You had 3 spell levels left.
You didn't know any spells.
Your spell library was empty.

Inventory:

Hand Weapons
 Y - a +0 shortbow (weapon)
Armour
 c - a +0 leather armour (worn)
 g - a +0 helmet
 h - a +0 pair of boots (worn)
Jewellery
 b - a ring of ice
Scrolls
 f - a scroll of identify
Potions
 a - a potion of resistance {unknown}
 d - 2 potions of might
 e - a potion of curing {unknown}

Dungeon Overview and Level Annotations

Branches:
Dungeon (4/15)             Temple (1/1) D:4

Altars:
Ashenzari
Dithmenos
Fedhas
Hepliaklqana
Makhleb
Nemelex Xobeh
Okawaru
Qazlal
Uskayaw
Vehumet
Zin

Shops:
D:2 (


Message History

An orc comes into view. It is wielding a +0 flail.
You shoot an arrow. The orc shouts!
The arrow hits the orc wizard.
The orc wizard is heavily wounded.
You shoot an arrow.
The arrow closely misses the orc wizard.
The orc wizard hits you with a +0 dagger.
You shoot an arrow.
The arrow completely misses the orc wizard.
The orc wizard mumbles some strange words.
The orc wizard flickers and vanishes!
Deactivating autopickup; reactivate with Ctrl-A.
The orc completely misses you.
You shoot an arrow. The arrow hits the orc.
The orc is lightly wounded.
You hear some strange, mumbled words.
A puff of flame appears from out of thin air!
The puff of flame hits you.
You shoot an arrow. The arrow hits the orc.
You kill the orc!
Okawaru accepts your kill.
You have reached level 4!
You feel stronger.
You shoot an arrow. The arrow hits the orc.
The orc is severely wounded.
The orc hits you but does no damage.
You hear some strange, mumbled words.
A magic dart appears from out of thin air!
The magic dart hits you.
You shoot an arrow. The arrow completely misses the orc.
Something hits you. The orc hits you but does no damage.
You shoot an arrow. The arrow hits the orc!
You kill the orc!
Okawaru accepts your kill. Something hits you.
You shoot an arrow.
You hear some strange, mumbled words.
A magic dart appears from out of thin air!
The magic dart hits you!
You die...

##...# #...# #..#
#....###...##..# ......
...............## ..#..#
................##<....#
#..##...................
##.##........## .......
##..#........####.......
.#............##).......
................@).#
.#............###{...#
..............# ..##.#
.#<...........# ..#
.#............. ..#
....##......##.. ..#
....##....#.. ......
..##.#...##. .. ... .##
#.. #


There were no monsters in sight!

Vanquished Creatures
  An adder (D:3)
  7 orcs
  2 endoplasms
  2 giant cockroaches
  4 goblins
  2 hobgoblins
  3 quokkas
  A ball python (D:1)
  5 bats
  5 frilled lizards
  2 kobolds
  9 rats
43 creatures vanquished.

Notes
Turn   | Place    | Note
-------+----------+-------------------------------------------
     0 | D:1      | qw the Gargoyle Hunter began the quest for the Orb.
     0 | D:1      | Reached XP level 1. HP: 12/12 MP: 1/1
     0 | D:1      | 0 ||| qw: Version: 0.2-a-29-gd901d54
     0 | D:1      | 0 ||| qw: Game counter: 3981
     0 | D:1      | 0 ||| qw: Always use a shield: true
     0 | D:1      | 0 ||| qw: God list: Okawaru
     0 | D:1      | 0 ||| qw: Allow faded altars: false
     0 | D:1      | 0 ||| qw: Do Orc after D:15 true
     0 | D:1      | 0 ||| qw: Do second Lair branch before Depths: true
     0 | D:1      | 0 ||| qw: Lair rune preference: random
     0 | D:1      | 0 ||| qw: Plans: Normal, Zot:1-4, Slime:5, God:TSO, Crypt,
                  | Tomb, Abyss, Pan, Hells, Win
     0 | D:1      | 0 ||| PLANNING D:1-11
    95 | D:1      | Reached XP level 2. HP: 17/17 MP: 2/2
   697 | D:1      | 697 ||| READING scroll labelled ATULIW LEJOHAN.
   698 | D:1      | 698 ||| DROPPING scroll of butterflies.
   788 | D:2      | Reached XP level 3. HP: 16/21 MP: 3/3
   819 | D:2      | Reached skill level 5 in Ranged Weapons
   952 | D:2      | Found Omayduos's Weapon Shop.
   959 | D:2      | 959 ||| SHOPLISTING +3 sling of flaming (256 gold, have
                  | 77).
  1325 | D:2      | Found a faded altar of an unknown god.
  1562 | D:2      | 1562 ||| READING scroll labelled OCECYURHAE.
  1563 | D:2      | 1563 ||| READING scroll labelled DOGIJO MIPTAR.
  1567 | D:2      | 1567 ||| DRINKING 3 purple potions.
  1900 | D:3      | Found a burning altar of Makhleb.
  1986 | D:3      | Reached skill level 3 in Fighting
  1997 | D:3      | Found a hide-covered altar of Uskayaw.
  2203 | D:3      | 2203 ||| UPGRADING to +0 pair of boots.
  2208 | D:3      | 2208 ||| READING scroll labelled QOHUSE IPPOTT.
  2243 | D:4      | Found a staircase to the Ecumenical Temple.
  2244 | D:4      | 2244 ||| PLANNING TEMPLE
  2249 | Temple   | Entered the Ecumenical Temple
  2345 | Temple   | 2345 ||| PLANNING OKAWARU WORSHIP
  2436 | Temple   | Became a worshipper of Warmaster Okawaru
  2436 | Temple   | 2436 ||| PLANNING D:1-11
  2530 | D:4      | HP: 5/23 [something/puff of flame (5)]
  2532 | D:4      | Reached XP level 4. HP: 7/28 MP: 4/4
  2533 | D:4      | HP: 2/28 [something (2)]
  2535 | D:4      | Killed from afar by an orc wizard

Levels and vault maps discovered:
D:1:      dpeg_arrival_refuge, layout_rooms, roderic_lattice_a,
          grunt_decor_fettered
D:2:      layout_loops_ring, nicolae_ecumenical_lake_church, serial_shops,
          nicolae_shop_stone
D:3:      layout_loops_ring, lightli_temple_of_fire,
          mainiacjoe_overflow_24_doors, kennysheep_generic_room_5
D:4:      layout_layer_cave, lemuel_round_altar, minmay_temple_entry_ruins
Temple:   grunt_temple_mini_profane

Skill      XL: |  1  2  3 |
---------------+----------+-----
Ranged Weapons | 5 |  5.1
Fighting       | 3 |  3.0
Dodging        | |  1.5
Stealth        | |  1.1

Action                     |  1- 3 |  4- 6 || total
---------------------------+-------+-------++-------
   Fire: Shortbow          |   122 |     4 ||   126
    Use: Scroll            |     4 |       ||     4
         Potion            |     1 |       ||     1
 Armour: Leather armour    |    18 |     2 ||    20
  Dodge: Dodged            |    29 |       ||    29

Table legend:
 A = Non-vault XP
 B = Vault XP
 C = Vault XP percentage of total XP
 D = Non-vault monster count
 E = Vault monster count
 F = Vault count percentage of total count
                 A         B        C        D         E       F
            +---------+---------+-------+---------+---------+-------
      Total |      82 |       3 |   3.5 |      41 |       2 |   4.7
            +---------+---------+-------+---------+---------+-------
        D:1 |      17 |       0 |   0.0 |      12 |       0 |   0.0
        D:2 |      26 |       0 |   0.0 |      14 |       0 |   0.0
        D:3 |      33 |       3 |   8.3 |      13 |       2 |  13.3
        D:4 |       6 |       0 |   0.0 |       2 |       0 |   0.0
            +---------+---------+-------+---------+---------+-------
